[Event "Early-Titled-Tuesday-Blitz-August-29-2023"]
[Site "Chess.com"]
[Date "2023.08.29"]
[Round "5"]
[White "Larina_Maria"]
[Black "Tsyhanchuk_Stanislav"]
[Result "0-1"]
[WhiteElo "2215"]
[BlackElo "2426"]
[TimeControl "180+1"]
[EndTime "8:55:42 PDT"]
[Termination "Tsyhanchuk_Stanislav won by resignation"]

1. e4 c5 2. Nc3 Nc6 3. g3 g6 4. Bg2 Bg7 5. d3 d6 6. Be3 Rb8 7. a4 a6 8. Qd2 b5 9. axb5 axb5 10. Nge2 b4 11. Nd1 Bb7 12. O-O Nf6 13. Bh6 O-O 14. Bxg7 Kxg7 15. f4 e5 16. f5 Nd4 17. Nc1 Qc7 18.
c3 bxc3 19. bxc3 Nc6 20. Ne3 Ne7 21. g4 g5 22. c4 h6 23. Ne2 Ra8 24. Ng3 Rxa1 25.
Rxa1 Ra8 26. Rf1 Qa5 27. Qe2 Nc6 28. Nd5 Nd4 29. Qe3 Bxd5 30. exd5 Nxg4 31. Qe4 Nf6 32. Qe3 Qc3 33. Ne4 Qc2 34. Nxd6 Ra2 35. Rf2 Ne2+ 36. Rxe2 Qxe2 37. Qxe2 Rxe2 38. Nb7 Nd7 39. d6 Rd2 40. Bc6 Nb8 41. d7 Nxc6 42. d8=Q Nxd8 43. Nxd8 Rxd3 44.
Nc6 Kf6 45. Kf1 Kxf5 46. Ke2 Rd4 47. Ne7+ Ke6 48. Ng8 Rh4 49. Kf3 f5 50. Kg3 Kf7 51. Nxh6+ Rxh6 52. h4 Rxh4 53. Kf3 Rxc4 54. Ke3 e4 0-1

[Event "Early-Titled-Tuesday-Blitz-August-29-2023"]
[Site "Chess.com"]
[Date "2023.08.29"]
[Round "5"]
[White "Semetey"]
[Black "zozik"]
[Result "1-0"]
[WhiteElo "2603"]
[BlackElo "2358"]
[TimeControl "180+1"]
[EndTime "8:55:45 PDT"]
[Termination "Semetey won on time"]

1. e4 d5 2. exd5 Qxd5 3. Nc3 Qd8 4. d4 Nf6 5. Nf3 a6 6. h3 b5 7. Bd3 Bb7 8. a3 e6 9. O-O Nbd7 10. Re1 c5 11.
Bg5 c4 12. Be4 Bxe4 13. Nxe4 Be7 14. d5 Nxe4 15. Bxe7 Qxe7 16. dxe6 Qxe6 17. Nd4 Qd5 18. Qf3 Nf6 19. Nf5 Kf8 20. Rad1 Qb7 21. Rd4 g6 22. Rdxe4 Nxe4 23. Rxe4 Rb8 24. Nd6 Qd7 25. Qf6 Rg8 26.
Nxf7 Qxf7 27. Qd6+ Kg7 28. Re7 Rbd8 29. Qe5+ Kf8 30.
Rxf7+ Kxf7 31. Qc7+ Kf6 32. Qc6+ Kf7 33. Qxa6 Rd2 34. Qxb5 Rxc2 35. Qd7+ Kf6 36. Qxh7 Re8 37.
Qh4+ Kf7 38. Qf4+ Kg7 39. Qd4+ Kf7 40. a4 Re1+ 41. Kh2 Ree2 42. Kg3 Rxb2 43. Qxc4+ Kg7 44.
a5 Rec2 45. Qd4+ Kh6 46. a6 Rb3+ 47. Kh2 Ra3 48. Qh8+ Kg5 49. Qd8+ Kh6 50. Qf8+ Kh5 51. Qxa3 1-0

[Event "Early-Titled-Tuesday-Blitz-August-29-2023"]
[Site "Chess.com"]
[Date "2023.08.29"]
[Round "5"]
[White "betta2004"]
[Black "druskacik"]
[Result "1-0"]
[WhiteElo "2544"]
[BlackElo "2660"]
[TimeControl "180+1"]
[EndTime "8:55:46 PDT"]
[Termination "betta2004 won by checkmate"]

1. e4 a6 2. b3 b5 3. Bb2 Bb7 4. d3 c5 5. Nd2 Nc6 6. f4 Qb6 7. Ngf3 e6 8. g3 Nf6 9. Bg2 d5 10. Qe2 Be7 11. e5 Nd7 12. h4 h5 13. Qf2 g6 14. O-O a5 15. a4 bxa4 16. Rxa4 c4 17. Qxb6 Nxb6 18. Raa1 cxd3 19. cxd3 Ba6 20. Rfc1 Kd7 21.
Nd4 Nb4 22. Rxa5 Nxd3 23. Rca1 Nc5 24. b4 Nd3 25. Rxa6 Nxb2 26. Bf1 Rhb8 27. Rb1 Rxa6 28. Bxa6 Bxb4 29. Bb5+ Kc8 30. Nc6 Bc5+ 31. Kg2 N6c4 32. Nxb8 Nxd2 33. Rxb2 Ne4 34. Be8 Bd4 35. Rb4 Bc3 36. Rb3 d4 37. Bxf7 Nc5 38. Rb1 d3 39. Bxg6 d2 40. Bxh5 Nd3 41. Nc6 Nb2 42. Rxb2 Bxb2 43.
Nb4 Kc7 44. Nd3 Bd4 45. Bd1 Kc6 46. Kf3 Kd5 47. Ke2 Ke4 48. Kxd2 Kf5 49. Bf3 Bg1 50. g4+ Kg6 51. Be4+ Kh6 52. Ke2 Bh2 53. Kf3 Kg7 54.
Nc5 Kh8 55. Nxe6 Kg8 56. h5 Kh8 57. g5 Bg1 58. g6 Bb6 59. h6 Ba5 60. g7+ Kg8 61.
Bg6 Bd2 62. h7# 1-0

[Event "Early-Titled-Tuesday-Blitz-August-29-2023"]
[Site "Chess.com"]
[Date "2023.08.29"]
[Round "5"]
[White "LeoLV10"]
[Black "Maili15"]
[Result "1-0"]
[WhiteElo "2488"]
[BlackElo "2335"]
[TimeControl "180+1"]
[EndTime "8:55:47 PDT"]
[Termination "LeoLV10 won on time"]

1. e4 c6 2. d4 d5 3. e5 Bf5 4. g4 Bg6 5. e6 fxe6 6. h4 Nd7 7. h5 Bf7 8. f4 g6 9. Nf3 gxh5 10.
Bd3 hxg4 11. Ng5 Ngf6 12. Nc3 h6 13. Nxf7 Kxf7 14. Qe2 Bg7 15. Bd2 Nf8 16. O-O-O Rc8 17. Rde1 Qd7 18. Rhf1 c5 19. f5 cxd4 20. fxe6+ Qxe6 21. Qg2 dxc3 22. Bxc3 Qb6 23. Qxd5+ e6 24. Qh5+ Ke7 25.
Qh4 Nd7 26. Bf5 Rc6 27. Bxg4 Qc5 28. Kb1 Rf8 29. Qh3 Nxg4 30. Bxg7 Rxf1 31. Qxf1 h5 32. Rd1 Qxc2+ 33. Ka1 Ndf6 34. Bh8 Rb6 35. Rb1 Qf5 36. Qc4 Rc6 37. Qb4+ Kf7 38. Qxb7+ Kf8 39. Qxc6 Nd5 40. Qc8+ Ke7 41. Qb7+ Kd6 42. Bd4 Qe4 43. Bxa7 Nge3 44. Bb8+ Kc5 45. Qa7+ Kc6 46. Rc1+ Nc2+ 47. Kb1 Ne3 48.
Qa8+ Kd7 49. Qxe4 1-0

[Event "Early-Titled-Tuesday-Blitz-August-29-2023"]
[Site "Chess.com"]
[Date "2023.08.29"]
[Round "5"]
[White "laskakid"]
[Black "jasrom"]
[Result "1/2-1/2"]
[WhiteElo "2164"]
[BlackElo "2410"]
[TimeControl "180+1"]
[EndTime "8:55:48 PDT"]
[Termination "Game drawn by repetition"]

1. d4 d5 2. c4 e6 3. Nc3 c6 4. Nf3 dxc4 5. a4 Bb4 6. Bd2 b5 7. axb5 Bxc3 8. Bxc3 cxb5 9. b3 cxb3 10. Qxb3 a6 11.
e4 Bb7 12. d5 Nf6 13. dxe6 fxe6 14. Rd1 Qb6 15. Bb4 Nxe4 16. Rd4 Nf6 17. Rd6 Bd5 18.
Qc3 Qb7 19. Qc5 Nc6 20. Ne5 Nxb4 21. Qxb4 O-O 22. Bd3 Rfd8 23. O-O a5 24. Qc5 Rdc8 25. Qd4 Qc7 26. Rb6 Qc5 27. Qxc5 Rxc5 28. Bxb5 a4 29. Nd7 Nxd7 30. Bxd7 a3 31. Bxe6+ Bxe6 32. Rxe6 a2 33. Ree1 Rb5 34. Ra1 Rb2 35. g3 h6 36. Kg2 Rab8 37.
Kf3 Kh7 38. Ke3 R8b3+ 39. Ke4 g5 40. f4 Rb4+ 41. Ke3 R4b3+ 42. Ke4 Rb4+ 43. Ke3 gxf4+ 44. gxf4 Kg6 45. f5+ Kf6 46. h3 R4b3+ 47. Ke4 Rb4+ 48. Ke3 R2b3+ 49. Ke2 Rb2+ 50. Ke3 1/2-1/2

[Event "Early-Titled-Tuesday-Blitz-August-29-2023"]
[Site "Chess.com"]
[Date "2023.08.29"]
[Round "5"]
[White "reevecanada"]
[Black "ljm509"]
[Result "1-0"]
[WhiteElo "2514"]
[BlackElo "2240"]
[TimeControl "180+1"]
[EndTime "8:55:49 PDT"]
[Termination "reevecanada won on time"]

1. e4 e6 2. Nf3 d5 3. Nc3 dxe4 4.
Nxe4 Nd7 5. d4 Ngf6 6. Bd3 Be7 7. Qe2 O-O 8. c3 c5 9. O-O b6 10. Rd1 Qc7 11. Bg5 Bb7 12. Bc2 h6 13. Bh4 Rfe8 14. dxc5 Nxe4 15. cxb6 Qxb6 16. Bxe4 Bxe4 17. Qxe4 Bxh4 18. Nxh4 Nf6 19. Qe2 a5 20. Nf3 a4 21.
Rac1 Rab8 22. Rd2 Rec8 23. Rcd1 Rc5 24. h3 Nd5 25. Qe4 Qa6 26. Ne5 Rcc8 27. Qf3 Nf6 28. c4 Qa5 29. Nc6 Qa8 30. Nxb8 Qxb8 31. Qg3 Qxg3 32. fxg3 Rxc4 33. Rd4 Rc2 34. R1d2 Rc1+ 35. Kh2 Nd5 36. Re2 a3 37. bxa3 Rc3 38. a4 Ra3 39. g4 g5 40. Kg1 Kg7 41. Kf1 Nf4 42. Red2 e5 43. Re4 f6 44. Rb4 Kg6 45. Rc4 h5 46.
Ke1 hxg4 47. hxg4 Kf7 48. Kd1 Rg3 49. Kc2 Nxg2 50. Kb2 Nf4 51. a5 Rxg4 52. a6 Rh4 53.
Rc8 1-0

[Event "Early-Titled-Tuesday-Blitz-August-29-2023"]
[Site "Chess.com"]
[Date "2023.08.29"]
[Round "5"]
[White "Colombiano07"]
[Black "cool64chess"]
[Result "0-1"]
[WhiteElo "2385"]
[BlackElo "2512"]
[TimeControl "180+1"]
[EndTime "8:55:49 PDT"]
[Termination "cool64chess won by resignation"]

1. d4 e6 2. c4 d5 3. Nc3 Nf6 4. cxd5 exd5 5. Bg5 c6 6. e3 Be7 7. Qc2 Nbd7 8. Nf3 O-O 9. Bd3 h6 10.
Bh4 Re8 11. O-O Ne4 12. Bxe7 Qxe7 13. Bxe4 dxe4 14. Nd2 Nf6 15. Rab1 a5 16. a3 h5 17. b4 h4 18. h3 g5 19. Nc4 g4 20. hxg4 Nxg4 21. Ne2 axb4 22. axb4 Kg7 23. Nf4 Rh8 24.
f3 Nf6 25. Ne5 Bf5 26. Qc5 Qxc5 27. bxc5 exf3 28. Rxb7 f2+ 29. Rxf2 Rhf8 30. Nh5+ Nxh5 31. Rxf5 Ng3 32. Rfxf7+ Rxf7 33. Rxf7+ Kh6 34. Kh2 Ra1 35. Kh3 Rh1+ 36. Kg4 Nf1 37. Rxf1 Rxf1 38. Nxc6 Re1 39. Kf3 Kg5 40. Ne5 Rf1+ 41. Ke4 Ra1 42. c6 Kf6 43.
Nf3 Rc1 44. d5 Ke7 45. Nxh4 Rc4+ 46. Ke5 Rxh4 47. d6+ Kd8 48. Kf5 Rc4 49. c7+ Kd7 50. Ke5 Rc5+ 51. Kd4 Kxd6 0-1

[Event "Early-Titled-Tuesday-Blitz-August-29-2023"]
[Site "Chess.com"]
[Date "2023.08.29"]
[Round "5"]
[White "vi_pranav"]
[Black "shimastream"]
[Result "0-1"]
[WhiteElo "2989"]
[BlackElo "2907"]
[TimeControl "180+1"]
[EndTime "8:55:50 PDT"]
[Termination "shimastream won on time"]

1. Nf3 d5 2. d4 Nf6 3. Bf4 c5 4. e3 Nc6 5. c3 cxd4 6. exd4 Bf5 7. Nbd2 e6 8. Bb5 Nd7 9. O-O Be7 10. Re1 O-O 11.
h3 a6 12. Bf1 b5 13. b4 Nb6 14. Nb3 Nc4 15. Nc5 a5 16. Bxc4 dxc4 17. a4 axb4 18. axb5 Na7 19. b6 Qxb6 20. Nd7 Qb7 21. Nxf8 bxc3 22.
Nxe6 fxe6 23. d5 c2 24. Qd4 Bf6 25. Be5 Nb5 26. Qxc4 Rxa1 27. Rxa1 Qxd5 28. Qc8+ Kf7 29. Bxf6 gxf6 30. Kh2 Be4 31. Nh4 Qd6+ 32. g3 Qd4 33.
Rf1 Bd3 34. Qb7+ Kg8 35. Qc8+ Kf7 36. Qb7+ Kf8 37. Qc8+ Ke7 38. Qb7+ Qd7 39. Qb6 Bxf1 40. Qc5+ Qd6 41. Qxc2 Bd3 42. Qd2 Kf7 43. Qe3 Qd4 44.
Qf3 Be4 45. Qh5+ Kg7 46. Qg4+ Kf8 47. Qf4 Nd6 48. Ng2 Qe5 49. Qh6+ Kg8 0-1

[Event "Early-Titled-Tuesday-Blitz-August-29-2023"]
[Site "Chess.com"]
[Date "2023.08.29"]
[Round "5"]
[White "Ural_bogatyr"]
[Black "falzehope0"]
[Result "0-1"]
[WhiteElo "2560"]
[BlackElo "2433"]
[TimeControl "180+1"]
[EndTime "8:55:51 PDT"]
[Termination "falzehope0 won on time"]

1. d4 e6 2. e4 d5 3. Nc3 f5 4. exf5 exf5 5. Nf3 Nf6 6. Ne5 Bd6 7. Bg5 c6 8. Qf3 O-O 9. O-O-O Nbd7 10. Nxd7 Bxd7 11.
Bd3 Qa5 12. Bxf6 Rxf6 13. Kb1 b5 14. Ne2 f4 15. h4 Qb6 16. h5 h6 17. Rh4 Raf8 18.
c3 a5 19. Ka1 a4 20. a3 Qb8 21. Bb1 Qc8 22. Nc1 Qe8 23. Nd3 Qe7 24. Re1 Be6 25. Ne5 Bxe5 26. Rxe5 Qd7 27. Bc2 Kh8 28. Bb1 Qd6 29.
Rh1 Qd7 30. Rhe1 Bf5 31. Re7 Qc8 32. Qxf4 Bxb1 33. Qg3 R6f7 34. Kxb1 Qf5+ 35. Ka2 Qxf2 36. Rxf7 Qxf7 37. Qd6 Qf6 38. Re6 Qf4 39. Qxf4 Rxf4 40.
Rxc6 Rf2 41. Rc5 Rxg2 42. Rxd5 Rg5 43. Rd8+ Kh7 44. d5 Rxh5 45. d6 Rd5 46. b3 axb3+ 47. Kxb3 h5 48. c4 bxc4+ 49. Kxc4 Rd1 50. a4 h4 51. Kc5 h3 52. Re8 h2 0-1

[Event "Early-Titled-Tuesday-Blitz-August-29-2023"]
[Site "Chess.com"]
[Date "2023.08.29"]
[Round "5"]
[White "Fleetw00dMac"]
[Black "AlexNovitz"]
[Result "1/2-1/2"]
[WhiteElo "2419"]
[BlackElo "2230"]
[TimeControl "180+1"]
[EndTime "8:55:51 PDT"]
[Termination "Game drawn - insufficient material"]

1. d4 Nf6 2. c4 e6 3. Nc3 Bb4 4. Qc2 d6 5. Bg5 Nbd7 6. e3 O-O 7. Bd3 h6 8. Bh4 c5 9. Nf3 e5 10. dxe5 dxe5 11. O-O Bxc3 12. bxc3 Re8 13. Nd2 Qc7 14. e4 g5 15. Bg3 Nb6 16. h4 Be6 17. hxg5 hxg5 18.
Nf3 Bxc4 19. Nxg5 Rad8 20. Bxc4 Nxc4 21. Qe2 b5 22. Qf3 Nh7 23. Nxh7 Kxh7 24. Qh5+ Kg8 25.
Bh4 Rd6 26. Rad1 Rg6 27. Qf5 Ree6 28. Rd8+ Kg7 29. Rfd1 Rd6 30. R1xd6 Rxd6 31. Qh5 Rxd8 32. Qg5+ Kf8 33. Qxd8+ Qxd8 34. Bxd8 Nd2 35. f3 Ke8 36. Bf6 Nc4 37. Kf2 Kd7 38. Ke2 Ke6 39. Bd8 a5 40. g3 a4 41. f4 f5 42. exf5+ Kxf5 43. fxe5 Nxe5 44. Be7 Nd7 45. Ke3 Kg4 46. Ke4 b4 47.
cxb4 cxb4 48. Bxb4 Kxg3 49. Kd5 Kg4 50. Kc6 Ne5+ 51. Kb5 Kf5 52. Kxa4 Ke6 53. Kb5 Kd7 54. a4 Kc8 55. Bd6 Nd7 56. Kc6 Nb8+ 57. Bxb8 Kxb8 58. Kd6 Kb7 59. Ke6 Ka6 60. Kf6 Ka5 61. Kg6 Kxa4 1/2-1/2

[Event "Early-Titled-Tuesday-Blitz-August-29-2023"]
[Site "Chess.com"]
[Date "2023.08.29"]
[Round "5"]
[White "TrenerChos"]
[Black "Dmitry_Konenkin"]
[Result "1-0"]
[WhiteElo "2557"]
[BlackElo "2391"]
[TimeControl "180+1"]
[EndTime "8:55:53 PDT"]
[Termination "TrenerChos won by resignation"]

1. c4 e5 2. Nc3 Bb4 3. g3 Nf6 4. Bg2 O-O 5. e4 d6 6. Nge2 Be6 7. d3 Qc8 8. h3 Nc6 9. Be3 Nd7 10. Qc2 f5 11. a3 Bc5 12. Bxc5 dxc5 13. Nd5 Kh8 14.
O-O Nd4 15. Nxd4 cxd4 16. exf5 Bxf5 17. Ne7 Qb8 18. Nxf5 Rxf5 19. b4 c6 20. Rae1 Qd6 21.
h4 Raf8 22. Qe2 Qf6 23. Bh3 g6 24. Bxf5 gxf5 25. Kh2 Re8 26. Qh5 Re7 27. Qg5 Qe6 28. f4 e4 29. dxe4 fxe4 30. f5 Qf6 31. Qf4 e3 32. Re2 Ne5 33. Rd1 Rd7 34. Kg2 Nxc4 35. Rd3 Rd5 36. g4 Qd6 37. Qe4 Qd8 38. g5 Ne5 39. Rd1 Nc4 40. f6 Ne5 41. h5 Qe8 42.
Rh1 Qg8 43. g6 Nd7 44. g7+ Qxg7+ 45. fxg7+ Kxg7 46. Qe7+ Kh6 47. Kf3 Rf5+ 48. Ke4 Re5+ 49. Qxe5 Nxe5 50. Kxe5 d3 51. Rxe3 d2 52. Rd3 Kg5 53.
Rxd2 1-0

[Event "Early-Titled-Tuesday-Blitz-August-29-2023"]
[Site "Chess.com"]
[Date "2023.08.29"]
[Round "5"]
[White "regular_legs"]
[Black "Verony64"]
[Result "1-0"]
[WhiteElo "2532"]
[BlackElo "2270"]
[TimeControl "180+1"]
[EndTime "8:55:54 PDT"]
[Termination "regular_legs won by resignation"]

1. d4 d6 2. e4 c6 3. c4 Nd7 4. Nc3 e5 5. Nge2 Be7 6. d5 c5 7. Ng3 g6 8. Bd3 a6 9. O-O Bf6 10. Rb1 Ne7 11. a3 O-O 12. b4 Bg7 13. Qc2 h6 14.
Be3 b6 15. f3 Nf6 16. Rb2 Nh7 17. bxc5 bxc5 18. Qd2 g5 19. Na4 Ng6 20. Nb6 Rb8 21. Rfb1 Nf4 22. Bf1 Qc7 23. Nxc8 Rbxc8 24. Nf5 Rb8 25.
g3 Ng6 26. Qc2 Nf6 27. Bd2 Rfe8 28. Bh3 Bf8 29. Qa4 Rxb2 30. Rxb2 Rb8 31. Qc2 Rb7 32. Kf2 Qb8 33. Bc1 Ne8 34. Ke1 Ne7 35. Ne3 Nc7 36.
Rxb7 Qxb7 37. Qb2 Qxb2 38. Bxb2 Nc8 39. Bc3 Nb6 40. Kd2 Na4 41. Ba5 Ne8 42. Kc2 Be7 43. Kb3 g4 44. Bxg4 Bg5 45. Nf5 Ng7 46. Nxg7 Kxg7 47.
Kxa4 Be3 48. Bc7 Bg1 49. h3 Bh2 50. Bxd6 Bxg3 51. Bxc5 Kf6 52. Bd6 Kg5 53. c5 h5 54. Bf5 Kf4 55. c6 Kxf3 56. c7 Kf4 57. c8=Q h4 58. Qc1+ 1-0

[Event "Early-Titled-Tuesday-Blitz-August-29-2023"]
[Site "Chess.com"]
[Date "2023.08.29"]
[Round "5"]
[White "EvgenyBurmakin"]
[Black "Ducke13"]
[Result "0-1"]
[WhiteElo "2267"]
[BlackElo "2430"]
[TimeControl "180+1"]
[EndTime "8:55:54 PDT"]
[Termination "Ducke13 won on time"]

1. e4 c5 2. Nc3 d6 3. Bb5+ Bd7 4. a4 e6 5. f4 Ne7 6. Nf3 g6 7. O-O Bg7 8. d3 a6 9. Bxd7+ Qxd7 10. Qe1 Nbc6 11.
Qh4 Nd4 12. Nxd4 cxd4 13. Ne2 f5 14. c3 fxe4 15. dxe4 d3 16. Nd4 e5 17. Nf3 O-O-O 18. Be3 Rdf8 19. Rad1 Qxa4 20. Qxe7 Bf6 21. Qxd6 Qxe4 22.
Bb6 Bd8 23. Nxe5 Bxb6+ 24. Qxb6 Rxf4 25. Rxf4 Qxf4 26. Qe6+ Kb8 27. Qd6+ Ka8 28. Rxd3 Rf8 29. Rf3 Qc1+ 30. Kf2 Qxb2+ 31. Kg3 Rxf3+ 32. Nxf3 Qxc3 33. Qd8+ Ka7 34. Qd4+ Qxd4 35. Nxd4 Kb6 36. Kf4 Kc5 37. Ne6+ Kc4 38. Kg5 a5 39. Kh6 a4 40. Kxh7 a3 41.
Kxg6 a2 42. h4 a1=Q 43. h5 Qe5 44. Ng5 Qe8+ 45. Kh6 b6 46. g4 b5 47. Kg7 Qe7+ 48. Nf7 Qh4 49. h6 Qxg4+ 50. Kf8 Qf5 0-1

[Event "Early-Titled-Tuesday-Blitz-August-29-2023"]
[Site "Chess.com"]
[Date "2023.08.29"]
[Round "5"]
[White "AnaKuchava"]
[Black "whiteglovethief"]
[Result "1-0"]
[WhiteElo "2208"]
[BlackElo "2407"]
[TimeControl "180+1"]
[EndTime "8:55:54 PDT"]
[Termination "AnaKuchava won by resignation"]

1. d4 Nf6 2. Nf3 g6 3. c4 Bg7 4. Nc3 O-O 5. e4 d6 6. Be2 Nc6 7. O-O e5 8. Be3 Bg4 9. d5 Bxf3 10. Bxf3 Nd4 11. Bxd4 exd4 12. Qxd4 Re8 13. Qd3 Nd7 14.
Be2 Nc5 15. Qc2 Bxc3 16. Qxc3 Nxe4 17. Qc2 a5 18. Bf3 Nc5 19. Rfe1 Qf6 20. h3 b6 21.
Re2 Rxe2 22. Qxe2 a4 23. Re1 a3 24. b4 Nd7 25. Qe7 Qxe7 26. Rxe7 Rd8 27. Bd1 Kf8 28. Re3 Re8 29. Rxe8+ Kxe8 30. Ba4 Ke7 31. Bxd7 Kxd7 32. Kf1 c6 33. dxc6+ Kxc6 34. Ke2 b5 35. Kd3 bxc4+ 36. Kxc4 d5+ 37. Kd4 Kb5 38. Kxd5 Kxb4 39. Kd4 f6 40. f4 h5 41. h4 Kb5 42. Kc3 Kc5 43. Kb3 Kd4 44. Kxa3 Ke4 45. Kb4 Kxf4 46. a4 Ke5 47.
Kc5 g5 48. a5 g4 49. a6 Kf4 50.
a7 Kg3 51. a8=Q Kxh4 52. Qe4 Kg3 53. Kd6 h4 54. Ke6 h3 55. gxh3 gxh3 56. Qh1 1-0

[Event "Early-Titled-Tuesday-Blitz-August-29-2023"]
[Site "Chess.com"]
[Date "2023.08.29"]
[Round "5"]
[White "Truequitos"]
[Black "isaak2009"]
[Result "0-1"]
[WhiteElo "2389"]
[BlackElo "2554"]
[TimeControl "180+1"]
[EndTime "8:55:55 PDT"]
[Termination "isaak2009 won on time"]

1. e4 c6 2. d4 d5 3. Nc3 dxe4 4. Nxe4 Bf5 5. Ng3 Bg6 6. Nf3 Nd7 7. c3 Ngf6 8. Bc4 e6 9. Qe2 Bd6 10. O-O Qc7 11. Re1 O-O 12. Ne5 c5 13. Bg5 a6 14.
Bb3 b5 15. Rad1 Rae8 16. h4 c4 17. Nxd7 Qxd7 18. Bc2 Bxc2 19. Qxc2 Nd5 20. Ne4 h6 21. Bc1 Be7 22. h5 f5 23. Nd2 Bd6 24. Nf3 Qf7 25. Ne5 Qxh5 26. Qe2 Qxe2 27. Rxe2 Bxe5 28. Rxe5 Kf7 29.
Rde1 Re7 30. Bd2 Rfe8 31. g3 g5 32. f3 Rd7 33. Ra1 a5 34. Kf2 Rb8 35. b3 Rc7 36. Rae1 Rc6 37. Rh1 Kg6 38. Rhe1 Rbb6 39. g4 fxg4 40. fxg4 Ra6 41. Kg2 a4 42. b4 a3 43.
Rf1 Kg7 44. Re2 Rc8 45. Ref2 Ra7 46. Kg3 Re7 47. Re2 Rf7 0-1

[Event "Early-Titled-Tuesday-Blitz-August-29-2023"]
[Site "Chess.com"]
[Date "2023.08.29"]
[Round "5"]
[White "Sl4werThanYou"]
[Black "kacprekt"]
[Result "0-1"]
[WhiteElo "2727"]
[BlackElo "2446"]
[TimeControl "180+1"]
[EndTime "8:55:56 PDT"]
[Termination "kacprekt won by checkmate"]

1. d4 Nf6 2. c4 e6 3. Nf3 d5 4. Nc3 c6 5. e3 Nbd7 6. Be2 dxc4 7. O-O b5 8. a4 Qb6 9. axb5 cxb5 10. b3 Nd5 11. Nxd5 exd5 12. bxc4 dxc4 13. e4 Be7 14. Be3 Qg6 15. Qb1 O-O 16. Qxb5 Qxe4 17. Bxc4 Nb6 18. Bd3 Qd5 19. Qb1 f5 20. Bc2 Kh8 21. Bb3 Qe4 22.
Qxe4 fxe4 23. Nd2 Bb7 24. Ra5 Bb4 25. Rb5 Bxd2 26. Bxd2 Ba6 27. Re5 Bxf1 28. Kxf1 Rfe8 29. Ra5 Rad8 30. Bc3 Rd7 31. Ke2 h6 32. h4 Rc7 33.
Bb2 Nc4 34. Bxc4 Rxc4 35. Ke3 Rc2 36. Ba3 Rc3+ 37. Ke2 e3 38. Rxa7 Rc2+ 39. Kf1 Rxf2+ 40. Ke1 Rxg2 41. d5 e2 42. Be7 Rg4 43. d6 Rd4 44. Kxe2 Rxd6 45. Kf3 Re6 46. Bc5 Kh7 47. Rb7 Rf6+ 48.
Kg3 Rc8 49. Bd4 Rg6+ 50. Kf4 Rf8+ 51. Ke3 Rg4 52. Re7 Rf5 53. Bb2 h5 54. Ke2 Rg2+ 55. Kd3 Rxb2 56. Re3 Rf4 57. Re6 Rb3+ 58. Kc2 Rg3 59. Re2 Rxh4 60. Rd2 Rhg4 61. Rd6 h4 62. Kb2 h3 63. Rd1 Rg2+ 64. Kc3 h2 65. Rh1 Rh4 66. Rb1 h1=Q 67. Rb3 Qh3# 0-1

[Event "Early-Titled-Tuesday-Blitz-August-29-2023"]
[Site "Chess.com"]
[Date "2023.08.29"]
[Round "5"]
[White "Fighterman91"]
[Black "Doomfist26"]
[Result "0-1"]
[WhiteElo "2723"]
[BlackElo "2580"]
[TimeControl "180+1"]
[EndTime "8:55:56 PDT"]
[Termination "Doomfist26 won by checkmate"]

1. e4 e6 2. d3 d5 3. Nc3 Nf6 4. Bd2 Nc6 5. Nf3 dxe4 6. Nxe4 Nxe4 7. dxe4 e5 8. Bb5 Bd6 9. Bc3 Qe7 10. O-O O-O 11. h3 Bd7 12. a4 Rad8 13. Qe2 a6 14.
Bc4 Bc5 15. Rfd1 Bc8 16. Bd5 Nd4 17. Bxd4 exd4 18. Bc4 Kh8 19. e5 Rfe8 20. Qe4 f5 21.
Qf4 Be6 22. Bxe6 Qxe6 23. Rd3 h6 24. Re1 Qc4 25. Qxf5 Qxc2 26. Nh4 Kg8 27. Ng6 Bb4 28. Rf1 Rd5 29. b3 Bd6 30. f4 Bc5 31. Qe4 Rd6 32.
h4 Bb6 33. h5 c5 34. f5 Ba7 35. f6 gxf6 36. Kh2 Rde6 37. Qf5 c4 38. exf6 Bb8+ 39. Kh3 Kf7 40. Rdf3 Qxf5+ 41. Rxf5 d3 42. bxc4 Re3+ 43.
Kg4 d2 44. Rd5 R8e4+ 45. Nf4 Bxf4 46. Rxf4 Re5 47. Rxd2 Rg5+ 48. Kh4 Reg3 49. Rd7+ Ke6 50. Rd5 Rxg2 51. f7 Rh2# 0-1

[Event "Early-Titled-Tuesday-Blitz-August-29-2023"]
[Site "Chess.com"]
[Date "2023.08.29"]
[Round "5"]
[White "slidingknight2775"]
[Black "NovozhilovSemen"]
[Result "0-1"]
[WhiteElo "2569"]
[BlackElo "2524"]
[TimeControl "180+1"]
[EndTime "8:55:57 PDT"]
[Termination "NovozhilovSemen won by checkmate"]

1. d4 Nf6 2. c4 e6 3. Nc3 Bb4 4. e3 O-O 5. Bd2 b6 6. Bd3 d5 7.
cxd5 exd5 8. Nf3 Re8 9. O-O a6 10. Rc1 Bd6 11. Qc2 Bg4 12. Bf5 Bxf3 13. gxf3 c5 14. Ne2 Nc6 15. Bh3 Ra7 16. Ng3 g6 17.
dxc5 bxc5 18. Rcd1 d4 19. Bc1 Qb8 20. f4 h5 21. a3 a5 22. Bg2 Qb6 23. Qa4 Rc7 24.
Rfe1 h4 25. Nf1 Nd8 26. h3 Ne6 27. Nh2 Rd8 28. Nf3 Bf8 29. Qc2 Rcd7 30. Ne5 Qa6 31. Nxd7 Rxd7 32. Qe2 d3 33. Qf3 c4 34. Bd2 Nc5 35.
Bc3 Nfe4 36. Qg4 f5 37. Qf3 Bg7 38. Bxg7 Kxg7 39. Bf1 Qb5 40. Rb1 Nd2 41. Qa8 Nxb1 42. Rxb1 d2 43. Be2 Qb3 44. Rd1 Qxb2 45. Qe8 Qf6 46.
Bxc4 Rd8 47. Qe5 Qxe5 48. fxe5 Ne4 49. Be2 Nc3 50. Kf1 Nxd1 51. Bxd1 Kf7 52. f4 Ke6 53.
Ke2 Rb8 54. Kxd2 g5 55. Ba4 gxf4 56. exf4 Rb2+ 57. Bc2 Ra2 58. a4 Ra3 59. Bd3 Rxa4 60. Kc3 Rxf4 61. Kd2 Kxe5 62. Be2 Rd4+ 63. Ke1 f4 64.
Bf1 a4 65. Kf2 a3 66. Kg1 a2 67. Bg2 a1=Q+ 68. Kh2 f3 69. Bxf3 Rd2+ 70. Bg2 Qd4 71. Kh1 Rd1+ 72. Kh2 Qf4# 0-1

[Event "Early-Titled-Tuesday-Blitz-August-29-2023"]
[Site "Chess.com"]
[Date "2023.08.29"]
[Round "5"]
[White "Haykoooo0o"]
[Black "esteban062000"]
[Result "1-0"]
[WhiteElo "2436"]
[BlackElo "2155"]
[TimeControl "180+1"]
[EndTime "8:55:59 PDT"]
[Termination "Haykoooo0o won by resignation"]

1. d4 Nf6 2. c4 e6 3. Nc3 Bb4 4.
g3 d5 5. Nf3 O-O 6. Bg2 b6 7.
O-O Bb7 8. Ne5 c5 9. a3 cxd4 10.
axb4 dxc3 11. bxc3 Nbd7 12. Nxd7 Qxd7 13. Bg5 Rfd8 14. Bxf6 gxf6 15. Qd4 dxc4 16. Qxf6 Bxg2 17.
Kxg2 Qd2 18. Rfd1 Qxd1 19. Rxd1 Rxd1 20. Qg5+ Kf8 21. Qe5 Rad8 22. Qh8+ Ke7 23. Qxh7 R1d2 24. Qh4+ Ke8 25. Qxc4 Rc2 26. h4 Rdd2 27. Kf3 Rd5 28. g4 f5 29. g5 b5 30. Qc7 Rdd2 31. Qc6+ Ke7 32. Qxb5 Rxc3+ 33. Kg2 Rcc2 34. Qb7+ Kf8 35. Qa8+ Kf7 36. Qxa7+ Kg6 37. Qe7 Rxe2 38. Qf6+ Kh5 39. Qd4 Re4 40. Qd3 Ree2 41. Qf3+ Kg6 42. b5 e5 43. b6 e4 44. Qf4 e3 45. Kg3 exf2 46.
Qd6+ Kg7 47. Qf6+ Kg8 48. Qg6+ Kf8 49. Qxf5+ Ke8 50. b7 Rc3+ 51. Kg4 f1=Q 52. Qxf1 Re4+ 53. Kh5 Rxh4+ 54. Kxh4 Rc4+ 55. Kh5 1-0

[Event "Early-Titled-Tuesday-Blitz-August-29-2023"]
[Site "Chess.com"]
[Date "2023.08.29"]
[Round "5"]
[White "RAMBO1STBLOOD"]
[Black "hakanazeri2"]
[Result "0-1"]
[WhiteElo "2258"]
[BlackElo "2699"]
[TimeControl "180+1"]
[EndTime "8:55:59 PDT"]
[Termination "hakanazeri2 won by checkmate"]

1. e4 c5 2. Nc3 Nc6 3. Bb5 e6 4. Bxc6 bxc6 5. d3 d5 6. f4 Nf6 7.
Nf3 c4 8. dxc4 Bb4 9. exd5 cxd5 10. O-O Bxc3 11. bxc3 Ba6 12. Ne5 Bxc4 13. Nxc4 dxc4 14. Ba3 Qxd1 15. Raxd1 Nd5 16. Rf3 f6 17. f5 Kf7 18.
fxe6+ Kxe6 19. Rg3 g6 20. Rg4 Rhd8 21. Re4+ Kf7 22. Rxc4 Rd7 23. Rcd4 Rad8 24. c4 Nb6 25. Rxd7+ Rxd7 26. Rxd7+ Nxd7 27. Kf2 Ne5 28. c5 Ke6 29. Bb2 Nc4 30. Bc3 f5 31. Bb4 Kd5 32. Kf3 a5 33. Be1 Kxc5 34. Kf4 h6 35. Bf2+ Kd5 36. h4 Nd6 37. g4 g5+ 38. hxg5 hxg5+ 39. Kf3 f4 40. Bb6 a4 41. Bd8 Nf7 42. Bf6 Kc4 43. a3 Kd5 44. c3 Ke6 45. Bd4 Nd6 46. Bc5 Nc4 47. Bb4 Ne5+ 48. Ke4 Nxg4 49. c4 Nf6+ 50. Kf3 Kf5 51. c5 g4+ 52. Kg2 f3+ 53. Kf2 Ne4+ 54. Ke3 f2 55.
Ke2 g3 56. c6 g2 57. c7 f1=Q+ 58.
Ke3 g1=Q# 0-1